 Dungeon Crawl Stone Soup version 0.20.1-1-g8b1a95d (webtiles) character file.

30177 giantanteater the Impaler (level 13, -5/93 HPs)
             Began as a Merfolk Wanderer on Aug 13, 2017.
             Was a High Priest of Okawaru.
             Slain by a five-headed hydra (6 damage)
             ... on level 5 of the Lair of Beasts on Aug 14, 2017.
             The game lasted 02:44:51 (22461 turns).

giantanteater the Impaler (Merfolk Wanderer)       Turns: 22461, Time: 02:44:51

Health: -5/93      AC: 18    Str: 13    XL:     13   Next: 50%
Magic:  0/17       EV: 16    Int: 16    God:    Okawaru [*****.]
Gold:   865        SH:  0    Dex: 16    Spells: 8/18 levels left

rFire    . . .     SeeInvis .   L - +0 trident (venom)
rCold    . . .     Gourm    .   (no shield)
rNeg     . . .     Faith    .   t - +2 chain mail {rPois}
rPois    +         Spirit   +   R - +0 helmet
rElec    .         Reflect  .   B - scarf {Spirit}
rCorr    +         Harm     .   T - +1 pair of gloves {Dex+3}
MR       +....                  U - +0 pair of boots
Stlth    +.........             C - amulet of magic regeneration
Regen    0.3/turn               J - ring of protection from magic
MPRegen  0.3/turn               Q - ring of resist corrosion

@: about to teleport, heroism, finesse, invisible
A: change form in water, swift swim, stealthy swim, repulsion field 1, frail 1
a: Heroism, Finesse, Renounce Religion


You were on level 5 of the Lair of Beasts.
You worshipped Okawaru.
Okawaru was extremely pleased with you.
You were not hungry.

You visited 3 branches of the dungeon, and saw 17 of its levels.

You collected 865 gold pieces.

Inventory:

Hand Weapons
 s - a +0 blowgun
 x - the +4 glaive of Courage {chop, rC++ Str+3}
   (You found it on level 5 of the Lair of Beasts)

   It inflicts extra damage upon your enemies.
   It affects your strength (+3).
   It greatly protects you from cold.
 L - a +0 trident of venom (weapon)
 N - the +7 halberd "Neub" {flame, Str+2}
   (Okawaru gifted it to you on level 5 of the Lair of Beasts)

   It has been specially enchanted to burn those struck by it, causing extra
   injury to most foes and up to half again as much damage against particularly
   susceptible opponents.
   Big, fiery blades are also staple armaments of hydra-hunters.
   It affects your strength (+2).
Missiles
 u - a throwing net
 H - 33 poisoned needles
 S - 3 silver javelins
 Z - 2 javelins (quivered)
Armour
 a - a +2 scale mail
 o - a +0 buckler
 r - a +1 hat
 t - a +2 chain mail of poison resistance (worn)
 A - a +0 scale mail of fire resistance
 B - a scarf of spirit shield (worn)
 K - a +0 chain mail of cold resistance
 R - a +0 helmet (worn)
 T - a +1 pair of gloves of dexterity (worn)
 U - a +0 pair of boots (worn)
Jewellery
 k - an uncursed ring of protection from fire
 C - an amulet of magic regeneration (around neck)
 F - an uncursed ring of flight
 J - a ring of protection from magic (left hand)
 Q - a ring of resist corrosion (right hand)
 V - a +4 ring of intelligence
Wands
 c - a wand of iceblast (10/15)
 i - a wand of paralysis (7/24)
 n - a wand of flame (4/48)
 p - a wand of lightning (4/15)
 q - a wand of flame (26/48)
 w - a wand of lightning (7/15)
 E - a wand of paralysis (12/24)
 M - a wand of clouds (1/9)
Scrolls
 b - 5 scrolls of teleportation
 d - a scroll of random uselessness {unknown}
 j - 3 scrolls of enchant armour
 y - 3 scrolls of blinking {unknown}
 D - 3 scrolls of amnesia {unknown}
 I - a scroll of fog {unknown}
 P - 3 scrolls of noise {unknown}
 W - 3 scrolls of enchant weapon {unknown}
Potions
 e - 5 potions of curing
 h - a potion of heal wounds {unknown}
 O - a potion of haste
 X - a potion of lignification
Books
 g - a book of Clouds

   Spells                             Type                      Level
   a - Poisonous Vapours              Poison/Air                   2
   b - Mephitic Cloud                 Conjuration/Poison/Air       3
   c - Conjure Flame                  Conjuration/Fire             3
   d - Freezing Cloud                 Conjuration/Ice/Air          6
   e - Ring of Flames                 Charms/Fire                  7
 l - a book of Minor Magic

   Spells                             Type                      Level
   a - Magic Dart                     Conjuration                  1
   b - Blink                          Translocation                2
   c - Call Imp                       Summoning                    2
   d - Slow                           Hexes                        2
   e - Conjure Flame                  Conjuration/Fire             3
   f - Mephitic Cloud                 Conjuration/Poison/Air       3
 Y - a book of Misfortune

   Spells                             Type                      Level
   a - Confusing Touch                Hexes                        1
   b - Confuse                        Hexes                        3
   c - Gell's Gravitas                Translocation                3
   d - Petrify                        Transmutation/Earth          4
   e - Metabolic Englaciation         Hexes/Ice                    5
   f - Yara's Violent Unravelling     Hexes/Transmutation          5
Comestibles
 f - 6 bread rations
 m - 7 meat rations
 v - 5 chunks of flesh


   Skills:
 + Level 10.3(15.3) Fighting
   Level 1.0(6.0) Maces & Flails
 * Level 17.2(22.2) Polearms
   Level 1.0(6.0) Bows
 - Level 2.0(7.0) Throwing
 - Level 4.0(9.0) Armour
 + Level 11.5(16.5) Dodging
 - Level 3.0(8.0) Stealth
 - Level 9.2(14.2) Shields
 + Level 3.1 Spellcasting
 + Level 2.5 Conjurations
 + Level 1.9 Air Magic
 + Level 4.0 Poison Magic
 - Level 5.7 Invocations


You had 8 spell levels left.
You knew the following spells:

 Your Spells              Type           Power        Failure   Level  Hunger
a - Silence               Hex/Air        #.........   100%        5    ######.
b - Mephitic Cloud        Conj/Pois/Air  ##......     97%         3    ###....
c - Blink                 Tloc           N/A          99%         2    ##.....


Dungeon Overview and Level Annotations

Branches:
Dungeon (10/15)            Temple (1/1) D:6            Lair (6/6) D:10
  Swamp (0/4) Lair:2       Spider (0/4) Lair:4
  Slime: Lair:5-6       Orc: D:9-12

Altars:
Ashenzari
Cheibriados
Dithmenos
Elyvilon
Fedhas
Gozag
Hepliaklqana
Kikubaaqudgha
Makhleb
Nemelex Xobeh
Okawaru
Qazlal
Ru
Sif Muna
Trog
Uskayaw
Vehumet
Xom
Yredelemnul
Zin
The Shining One

Shops:
D:5 *((

Annotations:
Lair:4 Snorg


Innate Abilities, Weirdness & Mutations

You revert to your normal form in water.
You are very nimble and swift while swimming.
You are very stealthy in the water. (Stealth+)
You are surrounded by a mild repulsion field. (EV +2)
You are frail. (-10% HP)


Message History

You can now deal lightning-fast blows.
The dream sheep bites you but does no damage.
A five-headed hydra comes into view.
You are too injured to fight recklessly!
The dream sheep are wreathed in dream dust.
You feel drowsy...
You fall asleep.
The dream sheep bites you!!
You wake up.
* * * LOW HITPOINT WARNING * * *
The dream sheep closely misses you.
As you read the scroll of teleportation, it crumbles to dust.
You feel strangely unstable.
The dream sheep bites you but does no damage.
The dream sheep bites you.
* * * LOW HITPOINT WARNING * * *
Unknown command.
You fade into invisibility!
The dream sheep closely misses you.
The dream sheep bites you but does no damage.
The five-headed hydra misses you. The five-headed hydra bites you.
You die...

#........................P#
#............#............#
#...............#...#...####
##............######.....#.##
###..#....###.###.#....#.#.#
##.##....##.###...........#
##...........####.#.####..##
#............PYYYY........## #
#............D@##......P.#.####
#.........<....##...#.....#..P#
###.............##.....#.##..Y...
#..#............###.P............
####.^...........##.......P..P###
#..............#...P.....### #
##P............##.#P##....#
#PP.....>....########..####
#............# ##...#


You could see a five-headed hydra and 4 dream sheep.

Vanquished Creatures
  A hydra (Lair:4)
  6 two-headed ogres
  2 death yaks
  The ghost of letownia the Martial Artist, a novice OpTm of Gozag (D:9)
  Pikel (D:5)
  An oklob plant (Lair:4)
  2 elephants (Lair:5)
  3 black mambas
  6 spiny frogs
  4 komodo dragons
  5 rime drakes
  2 polar bears
  A hornet (D:7)
  13 blink frogs
  A dream sheep (Lair:5)
  4 hippogriffs
  A wyvern (D:8)
  2 basilisks
  4 hogs (D:7)
  A human (D:7)
  33 yaks
  3 vampire mosquitoes
  Menkaure (D:5)
  Edmund (D:5)
  8 water moccasins
  7 porcupines
  2 orc warriors
  A black bear (D:10)
  2 slaves
  An ice beast (D:8)
  7 sky beasts
  2 necrophages
  3 ogres
  5 centaurs
  9 crocodiles
  A big kobold (D:9)
  14 bullfrogs
  A wyvern skeleton (D:6)
  4 scorpions
  4 killer bees (D:8)
  2 electric eels
  4 jellies
  6 crimson imps
  2 bullfrog zombies
  A centaur zombie (D:7)
  A quasit (D:8)
  3 bullfrog skeletons
  3 hounds
  A centaur skeleton (D:8)
  4 orc priests
  Jessica (D:2)
  4 iguanas
  Terence (D:1)
  2 orc wizards
  Natasha (thrice) (D:2)
  5 worker ants
  4 hound zombies
  2 hound skeletons
  11 gnolls
  16 adders
  A shadow imp (D:7)
  4 adder skeletons
  4 adder zombies
  4 worms
  5 dart slugs
  6 leopard geckos
  27 orcs
  6 giant cockroaches
  5 goblins
  8 hobgoblins
  12 jackals
  13 kobolds
  A quokka (D:8)
  7 ball pythons
  11 bats
  6 frilled lizards
  A leopard gecko skeleton (D:6)
  12 rats
  4 fungi (D:9)
  A plant (D:10)
384 creatures vanquished.

Vanquished Creatures (others)
  A wizard (D:3)
  12 fungi
  5 plants
18 creatures vanquished.

Grand Total: 402 creatures vanquished

Notes
Turn   | Place    | Note
-------+----------+-------------------------------------------
     0 | D:1      | giantanteater the Merfolk Wanderer began the quest for the Orb.
     0 | D:1      | giantanteater set off with: a +2 scale mail, a scroll of teleportation, a +0 shortbow, 29 arrows, a bread ration
     0 | D:1      | Reached XP level 1. HP: 16/16 MP: 1/1
    83 | D:1      | Reached skill level 1 in Dodging
   114 | D:1      | Reached skill level 1 in Polearms
   116 | D:1      | Reached XP level 2. HP: 23/23 MP: 2/2
   190 | D:1      | Reached skill level 2 in Polearms
   383 | D:1      | Reached XP level 3. HP: 26/28 MP: 3/3
   768 | D:2      | Noticed Jessica
   904 | D:2      | Found an iron altar of Okawaru.
   904 | D:2      | Found an ancient bone altar of Kikubaaqudgha.
   925 | D:2      | Noticed Terence
   926 | D:2      | Noticed a hand axe
   927 | D:2      | Noticed a hand axe
   982 | D:1      | Reached skill level 3 in Polearms
  1040 | D:2      | Killed Jessica
  1040 | D:2      | Reached skill level 1 in Stealth
  1040 | D:2      | Reached XP level 4. HP: 21/34 MP: 4/4
  1221 | D:1      | Gained mutation: You are frail. (-10% HP) [potion of mutation]
  1221 | D:1      | Gained mutation: You are surrounded by a mild repulsion field. (EV +2) [potion of mutation]
  1531 | D:2      | Found a stormy altar of Qazlal.
  1687 | D:2      | Reached skill level 4 in Polearms
  1884 | D:2      | Noticed Natasha
  1939 | D:2      | Reached XP level 5. HP: 26/36 MP: 5/5
  1984 | D:2      | Found a hide-covered altar of Uskayaw.
  2169 | D:2      | Found a sparkling altar of Nemelex Xobeh.
  2232 | D:2      | Became a worshipper of Warmaster Okawaru
  3117 | D:3      | Found a bloodstained altar of Trog.
  3118 | D:3      | Noticed a wizard
  3125 | D:3      | Killed a wizard
  3327 | D:3      | Reached XP level 6. HP: 28/42 MP: 6/6
  3444 | D:3      | Reached skill level 5 in Polearms
  3591 | D:3      | Noticed an ice beast
  3643 | D:4      | Found a radiant altar of Vehumet.
  3650 | D:4      | Found a basalt altar of Yredelemnul.
  3679 | D:4      | Reached skill level 1 in Shields
  3758 | D:4      | Found a bloodstained altar of Trog.
  3860 | D:4      | Found a hazy altar of Hepliaklqana.
  3861 | D:4      | Found a shadowy altar of Dithmenos.
  4005 | D:5      | Entered Level 5 of the Dungeon
  4027 | D:5      | Noticed a slave
  4097 | D:5      | Noticed Menkaure
  4354 | D:1      | Killed Terence
  4454 | D:2      | Killed Natasha
  4463 | D:2      | Noticed Natasha
  4473 | D:2      | Killed Natasha
  4607 | D:2      | Noticed Natasha
  4621 | D:2      | Killed Natasha
  4802 | D:5      | Killed a slave
  5078 | D:5      | Reached XP level 7. HP: 14/48 MP: 7/7
  5316 | D:5      | Found Jaubroxo's Weapon Emporium.
  5606 | D:5      | Noticed Edmund
  5716 | D:6      | Reached skill level 6 in Polearms
  5808 | D:6      | Found a staircase to the Ecumenical Temple.
  5814 | Temple   | Entered the Ecumenical Temple
  6819 | D:6      | Reached skill level 7 in Polearms
  6832 | D:6      | Found a bloodstained altar of Trog.
  6961 | D:6      | Reached XP level 8. HP: 52/54 MP: 8/8
  7119 | D:6      | Reached * piety under Okawaru
  7171 | D:6      | Reached skill level 5 in Fighting
  7206 | D:6      | Reached skill level 5 in Dodging
  7286 | D:5      | Killed Edmund
  7286 | D:5      | Reached skill level 8 in Polearms
  7382 | D:5      | Reached skill level 1 in Invocations
  7394 | D:5      | Found Daug's Antique Weapon Shop.
  7553 | D:5      | Killed Menkaure
  7615 | D:5      | Found Zufe's General Store.
  7714 | D:5      | Noticed Pikel
  7865 | D:5      | Reached skill level 9 in Polearms
  7994 | D:5      | Reached ** piety under Okawaru
  8191 | D:7      | Reached XP level 9. HP: 50/62 MP: 7/11
  8531 | D:7      | Reached skill level 10 in Polearms
  8703 | D:7      | Reached *** piety under Okawaru
  8721 | D:7      | Reached skill level 5 in Invocations
  9201 | D:7      | Found a blossoming altar of Fedhas.
  9312 | D:7      | Reached skill level 5 in Shields
  9324 | D:7      | Reached XP level 10. HP: 57/69 MP: 14/14
  9369 | D:7      | Reached skill level 11 in Polearms
  9376 | D:7      | Reached **** piety under Okawaru
  9610 | D:8      | Noticed a two-headed ogre
  9612 | D:8      | Noticed a two-headed ogre
  9717 | D:8      | Found a glowing silver altar of Zin.
 10296 | D:8      | Noticed a two-headed ogre
 10307 | D:8      | Killed a two-headed ogre
 10307 | D:8      | Reached ***** piety under Okawaru
 10307 | D:8      | Reached skill level 12 in Polearms
 10374 | D:8      | Noticed a two-headed ogre
 10484 | D:8      | Killed a two-headed ogre
 10514 | D:8      | Killed a two-headed ogre
 10514 | D:8      | Reached skill level 13 in Polearms
 10557 | D:8      | Killed a two-headed ogre
 10557 | D:8      | Received a gift from Okawaru
 10557 | D:8      | Reached XP level 11. HP: 62/77 MP: 15/15
 10558 | D:8      | Got a jewelled crystal plate armour {god gift}
 10780 | D:8      | Identified the +1 crystal plate armour "Iwuutaqe" {rPois MR- Stlth+} (Okawaru gifted it to you on level 8 of the Dungeon)
 10893 | D:5      | Killed Pikel
 11075 | D:9      | Noticed a two-headed ogre
 11085 | D:9      | Killed a two-headed ogre
 11179 | D:9      | Noticed a two-headed ogre
 11725 | D:9      | Killed a two-headed ogre
 11725 | D:9      | Reached skill level 14 in Polearms
 11958 | D:9      | Noticed letownia's ghost (novice OpTm)
 11999 | D:9      | Killed letownia's ghost
 12905 | D:10     | Entered Level 10 of the Dungeon
 12948 | D:10     | Noticed a deep elf mage
 13139 | D:10     | Found a staircase to the Lair.
 13152 | Lair:1   | Entered Level 1 of the Lair of Beasts
 14359 | Lair:1   | Received a gift from Okawaru
 14359 | Lair:1   | Reached skill level 10 in Dodging
 14628 | Lair:1   | Learned a level 5 spell: Silence
 14904 | Lair:1   | Reached XP level 12. HP: 77/85 MP: 13/16
 15197 | Lair:2   | Reached skill level 15 in Polearms
 15837 | Lair:2   | Reached ****** piety under Okawaru
 16292 | Lair:2   | HP: 3/86 [crocodile (3)]
 16685 | Lair:2   | Noticed a five-headed hydra
 16853 | Lair:2   | Noticed a five-headed hydra
 16949 | Lair:1   | Reached skill level 16 in Polearms
 17190 | Lair:2   | Found a staircase to the Swamp.
 17578 | Lair:3   | Learned a level 3 spell: Mephitic Cloud
 17581 | Lair:3   | Learned a level 2 spell: Blink
 17617 | Lair:3   | Found an opulent altar of Gozag.
 17817 | Lair:3   | Reached skill level 1 in Poison Magic
 18224 | Lair:3   | Reached skill level 1 in Spellcasting
 18409 | Lair:3   | Received a gift from Okawaru
 18812 | Lair:4   | Noticed Snorg
 18887 | Lair:4   | Reached skill level 1 in Conjurations
 18922 | Lair:4   | Reached skill level 1 in Air Magic
 19038 | Lair:4   | Reached skill level 10 in Fighting
 19167 | Lair:4   | Reached XP level 13. HP: 79/92 MP: 13/17
 19178 | Lair:4   | Noticed a fire dragon
 19404 | Lair:5   | Received a gift from Okawaru
 19731 | Lair:5   | Got a brightly glowing glaive
 19800 | Lair:4   | Identified the +4 glaive of Courage {chop, rC++ Str+3} (You found it on level 5 of the Lair of Beasts)
 20933 | Lair:4   | Reached skill level 17 in Polearms
 21093 | Lair:4   | Found a hole to the Spider Nest.
 21635 | Lair:6   | Entered Level 6 of the Lair of Beasts
 21700 | Lair:5   | Received a gift from Okawaru
 21701 | Lair:5   | Got a slimy halberd {god gift}
 21708 | Lair:5   | Identified the +7 halberd "Neub" {flame, Str+2} (Okawaru gifted it to you on level 5 of the Lair of Beasts)
 22459 | Lair:5   | HP: 4/93 [dream sheep (24)]
 22460 | Lair:5   | HP: 1/93 [dream sheep (4)]
 22461 | Lair:5   | Slain by a five-headed hydra

Skill      XL: |  1  2  3  4  5  6  7  8  9 10 11 12 13 |
---------------+----------------------------------------+-----
Dodging        | 1 2 3 4 5 7 8 10 11 | 11.5
Polearms       | 1 2 3 4 5 7 9 10 13 14 16 17 | 17.2
Stealth        | 1 2 3 |  3.0
Fighting       | 3 4 5 6 8 9 10 | 10.3
Shields        | 1 2 4 5 6 7 9 |  9.2
Invocations    | 2 5 |  5.7
Armour         | 4 |  4.0
Poison Magic   | 2 4 |  4.0
Spellcasting   | 1 3 |  3.1
Conjurations   | 1 2 |  2.5
Air Magic      | 1 |  1.9
Maces & Flails | |  1.0
Bows           | |  1.0
Throwing       | |  2.0

Action                   |  1- 3 |  4- 6 |  7- 9 | 10-12 | 13-15 || total
-------------------------+-------+-------+-------+-------+-------++-------
Melee: Spear             |   103 |   397 |       |       |       ||   500
       Trident           |       |   122 |   590 |   997 |   349 ||  2058
       Tailslap          |       |       |     5 |    13 |       ||    18
       Glaive            |       |       |       |       |     2 ||     2
 Fire: Shortbow          |    45 |       |       |       |       ||    45
Throw: Javelin           |     1 |    16 |     1 |     9 |       ||    27
       Throwing net      |       |       |       |     1 |       ||     1
Invok: Heroism           |       |       |       |       |     1 ||     1
       Finesse           |       |       |       |       |     1 ||     1
Evoke: Wand              |       |       |     7 |       |     4 ||    11
  Use: Scroll            |       |     7 |     3 |     9 |     2 ||    21
       Potion            |       |     2 |       |     8 |     1 ||    11
 Stab: Paralysed         |       |       |     2 |       |       ||     2
       Sleeping          |       |       |       |     1 |       ||     1
  Eat: Chunk             |     1 |     9 |    10 |    30 |     7 ||    57
       Bread ration      |       |     1 |     1 |       |     1 ||     3
Armor: Scale mail        |    66 |   151 |   148 |    77 |       ||   442
       Ring mail         |       |       |       |    28 |       ||    28
       Chain mail        |       |       |       |    62 |   105 ||   167
Dodge: Dodged            |    63 |   202 |   226 |   372 |   132 ||   995
Block: Buckler           |       |    22 |    79 |   153 |    38 ||   292
